 Dungeon Crawl Stone Soup version 0.22.1-1-ga44c0e5 (webtiles) character file.

2082 Lauz the Carver (level 9, -19/85 HPs)
             Began as a Minotaur Berserker on Nov 2, 2018.
             Was an Elder of Trog.
             Demolished by a two-headed ogre
             ... wielding a +0 giant club
              (21 damage)
             ... on level 7 of the Dungeon.
             The game lasted 00:12:00 (6747 turns).

Lauz the Carver (Minotaur Berserker)                Turns: 6747, Time: 00:12:02

Health: -19/85     AC:  8    Str: 24    XL:     9   Next: 6%
Magic:  17/17      EV: 14    Int:  4    God:    Trog [****..]
Gold:   308        SH:  0    Dex:  9    Spells: 8/8 levels left

rFire    + . .     SeeInvis .   a - +0 falchion
rCold    + . .     Gourm    .   (no shield)
rNeg     . . .     Faith    .   u - +2 robe {rF+}
rPois    .         Spirit   .   B - +0 hat
rElec    .         Reflect  .   l - +2 cloak
rCorr    .         Harm     .   q - +0 pair of gloves
MR       .....                  (no boots)
Stlth    +.........             (no amulet)
HPRegen  0.24/turn              h - ring of magical power
MPRegen  0.15/turn              (no ring)

@: berserk cooldown, slowed, very slow
A: retaliatory headbutt, horns 2, cold resistance 1, robust 1, weak 1
a: Berserk, Trog's Hand, Brothers in Arms, Renounce Religion


You were on level 7 of the Dungeon.
You worshipped Trog.
Trog was greatly pleased with you.
You were not hungry.

You visited 1 branch of the dungeon, and saw 7 of its levels.

You collected 308 gold pieces.

Inventory:

Hand Weapons
 a - a +0 falchion (weapon)
 m - a +0 blowgun
Missiles
 n - 25 poisoned needles
Armour
 l - a +2 cloak (worn)
 q - a +0 pair of gloves (worn)
 u - a +2 robe of fire resistance (worn)
 B - a +0 hat (worn)
Magical Staves
 A - an uncursed staff of conjuration {unknown}
Jewellery
 h - a ring of magical power (left hand)
 y - an uncursed amulet of harm {unknown}
Scrolls
 d - 5 scrolls of teleportation {unknown}
 e - 2 scrolls of random uselessness {unknown}
 f - 6 scrolls of identify {unknown}
 g - 2 scrolls of noise {unknown}
 i - 5 scrolls of remove curse {unknown}
 j - a scroll of fog {unknown}
 k - 3 scrolls of blinking {unknown}
 p - a scroll of immolation {unknown}
 t - 3 scrolls of enchant weapon {unknown}
 v - 2 scrolls of magic mapping {unknown}
Potions
 r - a potion of agility
 s - a potion of heal wounds {unknown}
 x - a potion of degeneration {unknown}
 z - a potion of brilliance {unknown}
Comestibles
 c - 8 rations


   Skills:
 + Level 6.7 Fighting
 * Level 12.0 Long Blades
 - Level 2.4 Armour
 + Level 5.5 Dodging


You had 8 spell levels left.
You didn't know any spells.
Your spell library was empty.

Dungeon Overview and Level Annotations

Branches:
Dungeon (7/15)
 Temple: D:4-7

Altars:


Innate Abilities, Weirdness & Mutations

You reflexively headbutt those who attack you in melee.
You have a pair of horns on your head.
Your flesh is cold resistant. (rC+)
You are robust. (+10% HP)
You are weak. (Str -2)


Message History

The two-headed ogre barely misses you. You furiously retaliate!
You headbutt the two-headed ogre! The two-headed ogre misses you.
The two-headed ogre hits you with a giant club!!
* * * LOW HITPOINT WARNING * * *
The two-headed ogre hits you with a giant club!
* * * LOW HITPOINT WARNING * * *
It was a potion of ambrosia.
You are confused.
You feel invigorated.
The two-headed ogre hits you with a giant club.
* * * LOW HITPOINT WARNING * * *
The two-headed ogre completely misses you.
It was a potion of curing.
You feel better.
You feel less invigorated.
The two-headed ogre hits you with a giant club!!
* * * LOW HITPOINT WARNING * * *
The two-headed ogre closely misses you.
It was a potion of mutation.
You feel extremely strange.
You feel resistant to cold.
You feel weaker.
You feel robust.
The two-headed ogre hits you with a giant club!!
You die...

########## #........#
######........# ###
)....#........# #<#
.....#........# #.#
.....#........#####.###
..?............O@.#...#
......#.#########.#.###
........# #######.#.#
##..#.#.............#
......###########...#
.†.......# #...###
##..###########.#.####
.................>...#
....#############.####


You could see a two-headed ogre.

Vanquished Creatures
  Edmund (D:5)
  Duvessa (D:4)
  2 ice beasts (D:6)
  A sky beast (D:6)
  A black bear (D:7)
  An ogre (D:5)
  3 bullfrogs (D:6)
  Dowan (D:4)
  2 scorpions (D:6)
  7 howler monkeys
  A crimson imp (D:5)
  A jelly (D:6)
  2 bullfrog zombies
  Crazy Yiuf (D:2)
  A hound (D:5)
  6 orc wizards
  An iguana (D:5)
  7 worker ants
  Natasha (thrice) (D:2)
  A howler monkey skeleton (D:7)
  5 adders
  2 oozes
  2 adder skeletons (D:5)
  2 worms (D:3)
  3 leopard geckos
  27 orcs
  3 giant cockroaches
  5 goblins
  6 hobgoblins
  12 jackals
  5 kobolds
  4 quokkas
  3 bats (D:1)
  8 frilled lizards
  A jackal zombie (D:6)
  2 quokka zombies
  5 rats
139 creatures vanquished.

Notes
Turn   | Place    | Note
-------+----------+-------------------------------------------
     0 | D:1      | Lauz the Minotaur Berserker began the quest for the Orb.
     0 | D:1      | Reached XP level 1. HP: 19/19 MP: 0/0
   173 | D:1      | Reached skill level 4 in Long Blades
   200 | D:1      | Reached XP level 2. HP: 23/27 MP: 1/1
   996 | D:2      | Noticed Natasha
  1002 | D:2      | Killed Natasha
  1002 | D:2      | Reached XP level 3. HP: 12/33 MP: 2/2
  1278 | D:2      | Reached skill level 5 in Long Blades
  1317 | D:2      | Found a runed door.
  1668 | D:2      | Noticed Natasha
  1679 | D:2      | Killed Natasha
  1679 | D:2      | Reached XP level 4. HP: 10/41 MP: 3/3
  1831 | D:2      | Noticed Natasha
  2008 | D:2      | Killed Natasha
  2226 | D:2      | Noticed Crazy Yiuf
  2234 | D:2      | Killed Crazy Yiuf
  2479 | D:3      | Reached skill level 6 in Long Blades
  2479 | D:3      | Reached XP level 5. HP: 47/47 MP: 4/4
  2565 | D:3      | Reached ** piety under Trog
  3709 | D:4      | Noticed Duvessa
  3725 | D:4      | Killed Duvessa
  3725 | D:4      | Reached skill level 5 in Fighting
  3725 | D:4      | Reached skill level 7 in Long Blades
  3725 | D:4      | Reached XP level 6. HP: 56/56 MP: 5/5
  3730 | D:4      | Noticed Dowan
  3885 | D:4      | Killed Dowan
  3985 | D:4      | Reached skill level 8 in Long Blades
  4195 | D:4      | Reached XP level 7. HP: 46/61 MP: 6/6
  4674 | D:5      | Entered Level 5 of the Dungeon
  4715 | D:5      | Reached *** piety under Trog
  4715 | D:5      | Reached skill level 9 in Long Blades
  4735 | D:5      | Noticed Edmund
  4750 | D:5      | Killed Edmund
  5160 | D:5      | Reached XP level 8. HP: 70/70 MP: 7/7
  5205 | D:5      | Reached skill level 10 in Long Blades
  5793 | D:6      | Reached **** piety under Trog
  6068 | D:6      | Reached skill level 11 in Long Blades
  6201 | D:6      | Reached skill level 5 in Dodging
  6720 | D:7      | Noticed a two-headed ogre
  6721 | D:7      | Reached XP level 9. HP: 78/78 MP: 8/8
  6723 | D:7      | Reached skill level 12 in Long Blades
  6746 | D:7      | HP: 1/78 [two-headed ogre/giant club (22)]
  6747 | D:7      | Gained mutation: Your flesh is cold resistant. (rC+)
                  | [potion of mutation]
  6747 | D:7      | Gained mutation: You are weak. (Str -2) [potion of
                  | mutation]
  6747 | D:7      | Gained mutation: You are robust. (+10% HP) [potion of
                  | mutation]
  6747 | D:7      | Demolished by a two-headed ogre

Skill      XL: |  1  2  3  4  5  6  7  8  9 |
---------------+----------------------------+-----
Long Blades    | 4 5 6 7 8 9 11 12 | 12.0
Fighting       | 4 5 6 |  6.7
Dodging        | 3 4 5 |  5.5
Armour         | |  2.4

Action                   |  1- 3 |  4- 6 |  7- 9 || total
-------------------------+-------+-------+-------++-------
Melee: Falchion          |    47 |   112 |   239 ||   398
       Headbutt          |     7 |    23 |    48 ||    78
Invok: Berserk           |     1 |     2 |     3 ||     6
  Use: Potion            |       |       |     3 ||     3
  Eat: Chunk             |     2 |     2 |     8 ||    12
       Ration            |       |     3 |     1 ||     4
Armor: Animal skin       |     2 |    16 |       ||    18
       Robe              |       |     4 |    63 ||    67
Dodge: Dodged            |    25 |    61 |   119 ||   205
       Rpst.: Falchion   |    10 |    14 |    20 ||    44
